 Dungeon Crawl Stone Soup version 0.23-a0-386-g9c9d49f (webtiles) character file.

955 MTVSty1e the Cleaver (level 7, -6/66 HPs)
             Began as a Minotaur Fighter on Oct 28, 2018.
             Was an Initiate of Okawaru.
             Killed by divine providence
             ... invoked by an orc priest
              (16 damage)
             ... on level 6 of the Dungeon.
             The game lasted 00:06:53 (4144 turns).

MTVSty1e the Cleaver (Minotaur Fighter)             Turns: 4144, Time: 00:06:54

Health: -6/66      AC:  6    Str: 23    XL:     7   Next: 91%
Magic:  6/6        EV:  7    Int:  5    God:    Okawaru [......]
Gold:   238        SH: 12    Dex:  9    Spells: 6/6 levels left

rFire    + . .     SeeInvis .   a - +1 war axe
rCold    + . .     Gourm    .   c - +1 shield
rNeg     . . .     Faith    .   b - +0 scale mail
rPois    .         Spirit   .   (helmet restricted)
rElec    .         Reflect  +   (no cloak)
rCorr    .         Harm     .   (no gloves)
MR       .....                  (no boots)
Stlth    ..........             h - +2 amulet of reflection
HPRegen  0.21/turn              g - ring of protection from cold
MPRegen  0.10/turn              r - ring of protection from fire

@: no status effects
A: retaliatory headbutt, horns 2
a: Renounce Religion


You were on level 6 of the Dungeon.
You worshipped Okawaru.
Okawaru was noncommittal.
You were hungry.

You visited 2 branches of the dungeon, and saw 7 of its levels.

You collected 238 gold pieces.

Inventory:

Hand Weapons
 a - a +1 war axe (weapon)
Armour
 b - a +0 scale mail (worn)
 c - a +1 shield (worn)
Jewellery
 g - a ring of protection from cold (left hand)
 h - a +2 amulet of reflection (around neck)
 p - an uncursed ring of flight
 r - a ring of protection from fire (right hand)
 s - an uncursed amulet of rage {unknown}
 v - a cursed ring of protection from cold
Scrolls
 e - a scroll of magic mapping
 l - 4 scrolls of remove curse
 n - 4 scrolls of identify
 q - 4 scrolls of amnesia
 u - a scroll of fog
Potions
 d - a potion of ambrosia {unknown}
 i - a potion of invisibility {unknown}
 j - 4 potions of curing {unknown}
 k - a potion of brilliance {unknown}
 m - 2 potions of heal wounds {unknown}
 o - a potion of lignification {unknown}
 t - a potion of flight {unknown}
Comestibles
 f - 5 rations


   Skills:
 + Level 7.2 Fighting
 * Level 9.2 Axes
 - Level 3.6 Armour
 - Level 3.6 Shields


You had 6 spell levels left.
You didn't know any spells.
Your spell library contained the following spells:

 Spells                   Type           Power        Failure   Level  Hunger
 Beastly Appendage        Tmut           #.....       99%         1    ##.....
 Sticks to Snakes         Tmut           #.......     100%        2    ###....
 Spider Form              Tmut/Pois      #.........   100%        3    ####...
 Ice Form                 Ice/Tmut       #.......     100%        4    #####..
 Blade Hands              Tmut           #.........   100%        5    ######.


Dungeon Overview and Level Annotations

Branches:
Dungeon (6/15)             Temple (1/1) D:4

Altars:
Ashenzari
Fedhas
Gozag
Hepliaklqana
Kikubaaqudgha
Makhleb
Okawaru
Qazlal
Ru
Sif Muna
Trog
Vehumet
Wu Jian
Yredelemnul
Zin
The Shining One

Shops:
D:5 [

Annotations:
D:6 1 runed door


Innate Abilities, Weirdness & Mutations

You reflexively headbutt those who attack you in melee.
You have a pair of horns on your head.


Message History

A gnoll comes into view.
It is wielding a +0 flail and carrying a wand of The gnoll shouts!
The gnoll barely misses you. You block the gnoll's attack.
A quokka comes into view.
The gnoll moves out of view.
Things that are here:
a +0 short sword; a +0 hand axe You barely miss the gnoll.
Your headbutt misses the gnoll.
The orc priest casts a cantrip, but nothing happens.
The gnoll hits you from afar with a +0 spear.
The gnoll hits you but does no damage.
You hit the gnoll. Your headbutt misses the gnoll.
The gnoll is moderately wounded.
The orc priest invokes the aid of Beogh against you.
Beogh smites you!
* * * LOW HITPOINT WARNING * * *
You block the gnoll's attack. The gnoll hits you but does no damage.
The orc priest mumbles some strange prayers to Beogh against you.
Beogh smites you!
You die... .... ##... .... ### ... ..#g. .og

#g# #@# #.#
#.#
#.####+####
+..........
#..###.####
##.## #..#
##.#


You could see an orc priest and 3 gnolls.

Vanquished Creatures
  Sigmund (D:2)
  An ogre (D:4)
  3 crimson imps
  A hound (D:6)
  4 orc priests
  A jelly (D:5)
  5 orc wizards
  A worker ant (D:4)
  7 adders
  6 gnolls
  An ooze (D:2)
  An adder skeleton (D:5)
  3 worms
  7 dart slugs
  4 leopard geckos
  16 orcs
  3 ball pythons
  5 giant cockroaches
  11 hobgoblins
  11 jackals
  9 kobolds
  4 quokkas
  15 bats
  4 frilled lizards
  10 goblins
  5 rats
139 creatures vanquished.

Notes
Turn   | Place    | Note
-------+----------+-------------------------------------------
     0 | D:1      | MTVSty1e the Minotaur Fighter began the quest for the Orb.
     0 | D:1      | Reached XP level 1. HP: 19/19 MP: 0/0
    43 | D:1      | Reached skill level 3 in Axes
   104 | D:1      | Reached XP level 2. HP: 24/27 MP: 1/1
   536 | D:1      | Reached XP level 3. HP: 25/33 MP: 2/2
   751 | D:1      | Reached skill level 4 in Axes
   932 | D:2      | Noticed Sigmund
   944 | D:2      | Killed Sigmund
   944 | D:2      | Reached skill level 5 in Fighting
   944 | D:2      | Reached skill level 5 in Axes
   944 | D:2      | Reached XP level 4. HP: 20/42 MP: 3/3
   944 | D:2      | Reached XP level 5. HP: 23/48 MP: 4/4
  1036 | D:2      | Reached skill level 6 in Axes
  1211 | D:2      | Reached XP level 6. HP: 56/56 MP: 5/5
  1459 | D:2      | Found a glowing golden altar of the Shining One.
  1643 | D:3      | Found a blossoming altar of Fedhas.
  2069 | D:3      | Found a sacrificial altar of Ru.
  2242 | D:4      | Reached skill level 7 in Axes
  2256 | D:4      | Found a burning altar of Makhleb.
  2295 | D:4      | Reached XP level 7. HP: 58/64 MP: 6/6
  2303 | D:4      | Reached skill level 8 in Axes
  2716 | D:4      | Found a staircase to the Ecumenical Temple.
  2734 | Temple   | Entered the Ecumenical Temple
  2783 | Temple   | Became a worshipper of Warmaster Okawaru
  2882 | D:5      | Entered Level 5 of the Dungeon
  3291 | D:5      | Found Refeko's Antique Armour Shop.
  3536 | D:5      | Reached skill level 9 in Axes
  3859 | D:5      | Found a deep blue altar of Sif Muna.
  4077 | D:6      | Found a runed door.
  4144 | D:6      | Killed from afar by an orc priest

Vault maps used:
D:1:      lightli_arrival_isolated_outpost, minmay_misc_feat_cross
D:2:      tso_altar, first_ration, grunt_decor_cap, minmay_tromino_mix6,
          uniq_sigmund
D:3:      lemuel_crystal_altar, nicolae_ru_the_path_less_chosen
D:4:      makhleb_grotto_becter, temple_fountains,
          minmay_a_box_with_orc_wizards_in_it
D:5:      led_sif_pool, serial_shops,
          nicolae_shop_temple_entry_statues_fountains
D:6:      uniq_crazy_yiuf_cottage
Temple:   dshaligram_water_room_temple

Skill      XL: |  1  2  3  4  5  6  7 |
---------------+----------------------+-----
Axes           | 3 5 6 7 9 |  9.2
Fighting       | 4 5 6 7 |  7.2
Armour         | |  3.6
Shields        | |  3.6

Action                   |  1- 3 |  4- 6 |  7- 9 || total
-------------------------+-------+-------+-------++-------
Melee: War axe           |    88 |   116 |   119 ||   323
       Headbutt          |     9 |    17 |    14 ||    40
  Use: Scroll            |     4 |     4 |       ||     8
       Potion            |     1 |       |       ||     1
  Eat: Ration            |       |     2 |     1 ||     3
Armor: Scale mail        |    58 |    30 |    25 ||   113
Dodge: Dodged            |    33 |    32 |    24 ||    89
Block: Shield            |    56 |    64 |    64 ||   184
       Reflection        |       |     3 |       ||     3

Table legend:
 A = Non-vault XP
 B = Vault XP
 C = Vault XP percentage of total XP
 D = Non-vault monster count
 E = Vault monster count
 F = Vault count percentage of total count
                 A         B        C        D         E       F
            +---------+---------+-------+---------+---------+-------
      Total |     975 |     390 |  28.6 |     131 |       8 |   5.8
            +---------+---------+-------+---------+---------+-------
        D:1 |      70 |       0 |   0.0 |      35 |       0 |   0.0
        D:2 |     112 |     228 |  67.1 |      32 |       4 |  11.1
        D:3 |      89 |       0 |   0.0 |      18 |       0 |   0.0
        D:4 |     264 |     162 |  38.0 |      19 |       4 |  17.4
        D:5 |     336 |       0 |   0.0 |      18 |       0 |   0.0
        D:6 |     104 |       0 |   0.0 |       9 |       0 |   0.0
            +---------+---------+-------+---------+---------+-------
